 Dungeon Crawl Stone Soup version 0.31-a0-986-g5e6e4ef867 (webtiles) character file.

Game seed: 10219717392014248521

253 Jeffwins the Ruffian (level 5, -1/30 HPs)
             Began as a Draconian Shapeshifter on Nov 24, 2023.
             Succumbed to a scorpion's poison
             ... on level 4 of the Dungeon.
             The game lasted 00:04:04 (1701 turns).

Jeffwins the Ruffian (Draconian Shapeshifter)       Turns: 1701, Time: 00:04:04

Health: -1/30      AC:  5    Str: 16    XL:     5   Next: 90%
Magic:  5/5        EV: 12    Int: 13    God:
Gold:   92         SH:  0    Dex: 10    Spells: 4/4 levels left

rFire   . .          .
                       - Unarmed
rCold   . . .        (shield currently unavailable)
rNeg    . . .        (body armour unavailable)
rPois   .            (helmet restricted)
rElec   .            (no cloak)
rCorr   .            (no gloves)
SInv    .            (no boots)
Will    ++...        (no amulet)
Stlth   +            (no ring)
HPRegen 0.25/turn    (no ring)
MPRegen 0.09/turn

%: no passive effects
@: lethally poisoned (-1 -> -5), flux-form, on berserk cooldown, slowed,
glowing, very slow
A: glow, contaminating, reduced hp, AC +5, unfitting armour, cold-blooded,
strong-willed 2
a: Begin Untransformation


You were on level 4 of the Dungeon.
You were something dangerously unstable.
You visited 1 branch of the dungeon, and saw 3 of its levels.

You collected 92 gold pieces.


Innate Abilities, Weirdness & Mutations

You are something dangerously unstable.
You glow with magical radiation, making you easy to see and hit.
Foes you strike become dangerously contaminated with magical radiation.
Your maximum health is decreased, since you lack skill for your form.
You are incapable of wielding weapons or throwing items.
Your plain brown scales are hard. (AC +5)
You cannot fit into any form of body armour.
You are cold-blooded and may be slowed by cold attacks.
You are highly strong-willed. (Will++)


   Skills:
 - Level 2.3 Fighting
 - Level 2.5 Dodging
 + Level 1.8 Stealth
 * Level 4.5 Unarmed Combat
 * Level 4.1 Shapeshifting


You had 4 spell levels left.
You didn't know any spells.
Your spell library was empty.

Inventory:

Hand Weapons
 h - a +1 dagger of speed
Missiles
 q - 4 poisoned darts
Armour
 r - a scarf of shadows
Talismans
 b - a beast talisman
 c - a flux talisman (active)
 v - a blade talisman
Scrolls
 d - 2 scrolls of identify {unknown}
 f - a scroll of teleportation {unknown}
 i - a scroll of immolation {unknown}
 k - a scroll of amnesia {unknown}
 n - a scroll of blinking {unknown}
 p - a scroll of enchant weapon {unknown}
 s - a scroll of fog {unknown}
 u - a scroll of poison {unknown}
Potions
 a - 3 potions of lignification {!q}
 e - a potion of mutation {!q}
 g - a potion of enlightenment {unknown}
 j - a potion of curing {unknown}
 l - a potion of degeneration {unknown}
 m - a potion of magic {unknown}
 o - a potion of might {unknown}
 t - a potion of berserk rage {!q}
 w - a potion of heal wounds {unknown}
 x - a potion of invisibility {unknown}

Dungeon Overview and Level Annotations

Branches:
Dungeon (2/15)             Temple (0/1) D:4

Altars:

### ..##.# ###.# #.#...
..#)# #.#..#
##########.#.# #.#..##
.........#.#.####.#...#
.....###.#......p.#..>###.
.......#.#.#.#†##.#.......
...................)......
.....#.#........#.#..#....
)....#.#.#.#.####.#..# .
#...##.#.#.#.........#
#.#.##.#.#.#########.#
#.#.##.#.#.. ...
#.####.#.########## .###
#...#


There were no monsters in sight!


Message History

You feel sick. The adder bites you but does no damage.
Unknown command.
You hit the adder.
The adder begins to glow.
You tail-slap the adder.
You kill the adder!
* * * LOW HITPOINT WARNING * * *
You feel sick.
Unknown command.
* * * LOW HITPOINT WARNING * * *
You feel sick.
You see here an adder corpse.
Unknown command.
There is a lethal amount of poison in your body!
Unknown command.
You feel a strong urge to attack something.
* * * LOW HITPOINT WARNING * * *
You feel sick.
Unknown command.
* * * LOW HITPOINT WARNING * * *
You feel sick.
Unknown command.
You feel your anger nearly subside.
You are no longer berserk.
You are exhausted.
You feel yourself slow down.
* * * LOW HITPOINT WARNING * * *
You feel sick.
Unknown command.
Okay, then.
It was a potion of mutation.
You feel extremely strange.
You feel strong-willed.
You feel more strong-willed.
You die...

Skill      XL: |  1  2  3  4  5 |
---------------+----------------+-----
Dodging        | 2 |  2.5
Fighting       | 2 |  2.3
Stealth        | 1 |  1.8
Unarmed Combat | 4 |  4.5
Shapeshifting  | 4 |  4.1

Action                     |  1- 3 |  4- 6 || total
---------------------------+-------+-------++-------
  Melee: Unarmed           |   125 |    62 ||   187
         Tailslap          |    12 |    13 ||    25
         Punch             |     2 |       ||     2
    Use: Potion            |       |     2 ||     2
   Stab: Sleeping          |     3 |       ||     3
 Armour: Skin              |    51 |    28 ||    79
  Dodge: Dodged            |    53 |    34 ||    87
   Form: Flux              |     1 |       ||     1

Levels and vault maps discovered:
D:1:      minmay_arrival_plants_in_alcoves, layout_basic
D:2:      layout_loops_cross, uniq_robin
D:4:      layout_basic, minmay_temple_entry_proselytizer, st_stairs_8,
          kennysheep_another_room, abandoned_shop, grunt_ministairs_1

Notes
Turn   | Place    | Note
-------+----------+-------------------------------------------
     0 | D:1      | Jeffwins the Draconian Shapeshifter began the quest for the
                  | Orb.
     0 | D:1      | Reached XP level 1. HP: 16/16 MP: 1/1
   215 | D:1      | Reached XP level 2. HP: 20/23 MP: 2/2
   265 | D:1      | Reached skill level 2 in Dodging
   713 | D:2      | Reached XP level 3. HP: 26/28 MP: 3/3
   980 | D:2      | Noticed Robin
  1007 | D:2      | Killed Robin
  1080 | D:2      | Reached skill level 2 in Fighting
  1124 | D:2      | You fall into a shaft and drop 2 floors!
  1147 | D:4      | Reached XP level 4. HP: 12/36 MP: 4/4
  1172 | D:4      | Reached skill level 1 in Stealth
  1485 | D:4      | Reached skill level 4 in Unarmed Combat
  1485 | D:4      | Reached XP level 5. HP: 26/41 MP: 5/5
  1680 | D:4      | Found a staircase to the Ecumenical Temple.
  1695 | D:4      | Reached skill level 4 in Shapeshifting
  1698 | D:4      | HP: 4/45 [poisoned by a scorpion]
  1700 | D:4      | HP: 1/30 [poisoned by a scorpion]
  1701 | D:4      | Gained mutation: You are strong-willed. (Will+) [potion of
                  | mutation]
  1701 | D:4      | Gained mutation: You are highly strong-willed. (Will++)
                  | [potion of mutation]
  1701 | D:4      | Succumbed to a scorpion's poison

Vanquished Creatures
  A scorpion (D:4)
  2 orc priests (D:4)
  Robin (D:2)
  3 gnolls (D:4)
  4 adders (D:4)
  2 orcs (D:4)
  3 ball pythons
  9 endoplasms
  A giant cockroach (D:4)
  10 goblins
  9 hobgoblins
  A quokka (D:1)
  2 bats
  3 frilled lizards (D:1)
  7 kobolds
  2 rats
60 creatures vanquished.

Table legend: (Time is in decaauts)
 A = Elapsed time spent in this place.
 B = Non-inter-level travel time spent in this place.
 C = Inter-level travel time spent in this place.
 D = Time resting spent in this place.
 E = Time spent auto-exploring this place.
 F = Levels seen in this place.
 G = Mean time per level.
                   A        B        C        D        E       F      G
               +--------+--------+--------+--------+--------+-----+--------+
         Total |   1687 |   1677 |     10 |     59 |   1173 |   3 |  562.3 |
       Dungeon |   1687 |   1677 |     10 |     59 |   1173 |   3 |  562.3 |
               +--------+--------+--------+--------+--------+-----+--------+

Top non-repeatable levels by time:
     D:1: 704 daAuts
     D:4: 569 daAuts
     D:2: 413 daAuts

Table legend:
 A = Non-vault XP
 B = Vault XP
 C = Vault XP percentage of total XP
 D = Non-vault monster count
 E = Vault monster count
 F = Vault count percentage of total count
                 A         B        C        D         E       F
            +---------+---------+-------+---------+---------+-------
      Total |     281 |      81 |  22.4 |      46 |      14 |  23.3
            +---------+---------+-------+---------+---------+-------
        D:1 |      39 |       0 |   0.0 |      23 |       0 |   0.0
        D:2 |      12 |      37 |  75.5 |       7 |      13 |  65.0
        D:4 |     230 |      44 |  16.1 |      16 |       1 |   5.9
            +---------+---------+-------+---------+---------+-------
